Cogmind - Beta 13 *** ADVENTURER MODE // 2024.06.19 @ 21:40:23 Player: Bert Result: Self-destructed Performance ------------- Evolutions (1) 500 Regions Visited (3) 600 Robots Destroyed (38) 190 Value Destroyed (996) 996 Prototype IDs (1) 20 Alien Tech Used (0) 0 Bonus (0) 0 TOTAL SCORE: 2306 Bonus ------- None Cogmind --------- Core Integrity 281/400 Matter 300/300 Energy 13/100 System Corruption 0% Temperature Cool (0) Movement Walking (120) Location -9/Storage Parts ------- > --- POWER (1) -------- (None) > --- PROPULSION (3) --- Aluminum Leg Aluminum Leg Improved Aluminum Leg > --- UTILITY (3) ------ Heat Sink Improved Heat Sink Small Storage Unit > --- WEAPON (2) ------- Beam Rifle > --- INVENTORY (8) ---- Huge Storage Unit Medium Laser Small Laser Peak State ------------ > --- POWER ------------ Ion Engine > --- PROPULSION ------- Aluminum Leg Aluminum Leg Improved Aluminum Leg > --- UTILITY ---------- Heat Sink Improved Heat Sink Small Storage Unit > --- WEAPON ----------- Medium Laser Beam Rifle > --- INVENTORY -------- Aluminum Leg Aluminum Leg Huge Storage Unit Medium Laser Small Laser [Rating: 13] Favorites ----------- Power Ion Engine Engine Ion Engine Propulsion Aluminum Leg Leg Aluminum Leg Wheel Compact Wheel Utility Small Storage Unit Device Heat Sink Storage Small Storage Unit Protection Light Armor Plating Weapon Medium Laser Energy Gun Medium Laser Ballistic Gun Light Assault Rifle Build | -11 -10 -9 -9 ------- Run | Yrd Mat Mat Sto Slots Evolved 2 | . . 2 . Power . | . . . . Propulsion 1 | . . 1 . Utility 1 | . . 1 . Weapon . | . . . . Parts Attached 24 | 6 1 13 4 Power 4 | 1 . 3 . Engine 4 | 1 . 3 . Core . | . . . . Reactor . | . . . . Propulsion 8 | 2 . 3 3 Treads . | . . . . Leg 6 | . . 3 3 Wheel 2 | 2 . . . Hover . | . . . . Flight . | . . . . Utility 6 | 1 . 4 1 Device 4 | . . 3 1 Storage 1 | 1 . . . Processor . | . . . . Hackware . | . . . . Protection 1 | . . 1 . Artifact . | . . . . Weapon 6 | 2 1 3 . Energy Gun 5 | 1 1 3 . Energy Cannon . | . . . . Ballistic Gun 1 | 1 . . . Ballistic Cannon . | . . . . Launcher . | . . . . Special Weapon . | . . . . Impact Weapon . | . . . . Slashing Weapon . | . . . . Piercing Weapon . | . . . . Special Melee Weapon . | . . . . Unidentified Prototypes 1 | . . 1 . Parts Lost 6 | . . 4 2 Power 2 | . . 1 1 Propulsion . | . . . . Utility 1 | . . 1 . Weapon 3 | . . 2 1 Highest Loss Streak 2 | . . 2 2 To Critical Strikes . | . . . . Average Slot Usage (%) 89 | . 85 90 98 Engine 11 | . 14 11 10 Leg 20 | . . 32 33 Wheel 10 | . 28 . . Device 6 | . . 7 22 Storage 12 | . 14 11 11 Protection 2 | . . 5 . Energy Gun 22 | . 24 21 22 Ballistic Gun 1 | . 3 . . Naked Turns . | . . . . Heaviest Build 17 | 13 13 17 17 Greatest Support 33 | 32 32 30 33 Greatest Overweight (x) 4 | 4 . . . Average Overweight (x) . | . . . . Largest Inventory Capacity 8 | 8 8 8 8 Average Capacity 7 | 7 8 8 8 Most Carried 8 | 4 8 8 7 Average Carried 5 | 2 5 6 3 Final Capacity 8 | 8 8 8 8 Final Carried 8 | 4 8 7 3 Class Distribution -------------------- 60% | Mutant 39% | Scavenger-Mutant Dominant Class ---------------- Mutant | -10/Materials Scavenger-Mutant | -9/Materials Scavenger-Mutant | -9/Storage Resources | -11 -10 -9 -9 ----------- Run | Yrd Mat Mat Sto Matter Collected 441 | 188 88 125 40 Remotely . | . . . . Salvage Created 1219 | . 272 688 259 Parts 89 | . 35 43 11 Haulers Intercepted . | . . . . Recyclers Shooed 1 | . . 1 . Parts Field Recycled . | . . . . Retrieved Matter . | . . . . Parts Self-Destructed . | . . . . Prevented . | . . . . Kills | -11 -10 -9 -9 ------- Run | Yrd Mat Mat Sto Combat Hostiles Destroyed 31 | . 11 15 5 Guns 30 | . 11 15 4 Classes Destroyed 7 | . 4 2 1 Tunneler 1 | . 1 . . Operator 2 | . . 1 1 Watcher 4 | . 3 1 . Swarmer 12 | . 9 3 . Grunt 10 | . 2 6 2 Duelist 1 | . . . 1 Sentry 8 | . . 6 2 Best Kill Streak 6 | . 6 3 2 Combat Bots Only 6 | . 6 3 2 Max Kills in Single Turn 2 | . 2 1 1 Gunslinging 1 | . 1 . . Exploded . | . . . . Melee . | . . . . Uniques/NPCs Destroyed . | . . . . Combat | -11 -10 -9 -9 -------- Run | Yrd Mat Mat Sto Hostile Shots Fired 164 | . 39 68 57 Missed 52 | . 7 22 23 Damage Taken 1086 | . 211 487 388 Core 185 | . 66 35 84 Absorbed by Shields . | . . . . Ignored by Resistances 325 | . 66 145 114 Core Remaining (%) 86 | 100 73 . . Volleys Fired 109 | . 23 63 23 Largest 2 | . 2 2 2 Hottest 106 | . 90 106 106 Shots Fired 198 | . 44 108 46 Gun 198 | . 44 108 46 Cannon . | . . . . Launcher . | . . . . Special . | . . . . Kinetic 14 | . 14 . . Thermal 184 | . 30 108 46 Explosive . | . . . . Electromagnetic . | . . . . Robot Hit Streak 18 | . 7 16 18 Robot Miss Streak 3 | . 2 3 2 Penetration Max . | . . . . Secondary Targets 3 | . 2 . 1 Max Gunslinging Chain 1 | . 1 . 1 Shots Hit Robots 133 | . 26 69 38 Core Hits 66 | . 20 34 12 Critical Kills . | . . . . Critical Parts Destroyed . | . . . . Critical Strikes 10 | . 3 4 3 Burn 10 | . 3 4 3 Melee Attacks . | . . . . Impact . | . . . . Slashing . | . . . . Piercing . | . . . . Sneak Attacks . | . . . . Combat Hostiles . | . . . . Follow-up Attacks . | . . . . Damage Inflicted 1758 | . 320 921 517 Guns 1739 | . 313 909 517 Cannons . | . . . . Explosions . | . . . . Melee . | . . . . Ramming 19 | . 7 12 . Kinetic 55 | . 55 . . Thermal 1684 | . 258 909 517 Explosive . | . . . . Electromagnetic . | . . . . Impact . | . . . . Slashing . | . . . . Piercing . | . . . . Highest Corruption 1 | . 1 . . Average Corruption 1 | . 1 . . Corruption Purged . | . . . . Corruption Blocked . | . . . . Overload Shots . | . . . . Overflow Damage . | . . . . Projectiles . | . . . . Explosions . | . . . . Melee . | . . . . Knockbacks . | . . . . Impact . | . . . . Kinetic . | . . . . Secondary . | . . . . Self-Inflicted Damage 3 | . 3 . . Shots . | . . . . Rammed 3 | 2 1 . . Targets Rammed 8 | 2 1 5 . Kicked 5 | . . 5 . Crushed . | . . . . Highest Temperature 90 | . 90 81 . Average Temperature 29 | . 35 23 . Received Heat Transfer 381 | . 18 225 138 Siege Activations . | . . . . Robots Corrupted . | . . . . Combat Hostiles . | . . . . Parts Fried 1 | . . 1 . Impact Corruptions . | . . . . Robots Melted 1 | . . . 1 Combat Hostiles 1 | . . . 1 Parts Melted 18 | . 4 8 6 Heat Transferred 5138 | . 939 2571 1628 Parts Sabotaged . | . . . . Parts Stolen . | . . . . Parts Stripped . | . . . . Power Chain Reactions . | . . . . Alert | -11 -10 -9 -9 ------- Run | Yrd Mat Mat Sto Peak Influence 312 | . 307 240 312 Initial 86 | . . 60 86 Average 132 | . 145 128 187 Maximum Alert Level 1 | . 1 1 1 Low Security (%) 80 | 100 78 89 43 Level 1 19 | . 21 10 56 Level 2 . | . . . . Level 3 . | . . . . Level 4 . | . . . . Level 5 . | . . . . High Security . | . . . . Max Security . | . . . . Squads Dispatched 4 | . 1 1 2 Investigation 1 | . 1 . . Extermination . | . . . . Reinforcement 2 | . . 1 1 Assault . | . . . . Garrison 1 | . . . 1 Intercept . | . . . . Searches Triggered . | . . . . Construction Impeded . | . . . . Haulers Reinforced . | . . . . Active Scanning Responses . | . . . . Cargo Convoy Interrupts . | . . . . Stealth | -11 -10 -9 -9 --------- Run | Yrd Mat Mat Sto Distress Signals 4 | . . 2 2 Communications Jammed . | . . . . Distress Signals . | . . . . Times Spotted 48 | . 15 22 11 Peak Tracking Total 6 | . 6 4 4 Tactical Retreats 4 | . . 3 1 Traps | -11 -10 -9 -9 ------- Run | Yrd Mat Mat Sto Traps Triggered 2 | . 2 . . Indirectly . | . . . . Trap Hack Attempts . | . . . . Triggered . | . . . . Disarmed 1 | . 1 . . Reprogrammed . | . . . . Reused . | . . . . Traps Extracted . | . . . . Installed . | . . . . Triggered . | . . . . Machines | -11 -10 -9 -9 ---------- Run | Yrd Mat Mat Sto Machines Disabled . | . . . . Max in Single Turn . | . . . . Machines Repaired . | . . . . Machines Dismantled . | . . . . Machines Sabotaged . | . . . . Overloaded Fab Kills . | . . . . Hacking | -11 -10 -9 -9 --------- Run | Yrd Mat Mat Sto Machines Accessed 11 | . 7 3 1 Terminals 9 | . 6 3 . Fabricators . | . . . . Repair Stations . | . . . . Recycling Units 2 | . 1 . 1 Scanalyzers . | . . . . Garrison Access . | . . . . Total Hacks 28 | . 19 8 1 Successful 13 | . 8 4 1 Failed 15 | . 11 4 . Catastrophic 1 | . . 1 . Database Lockouts . | . . . . Manual 1 | . . 1 . Terminals 26 | . 18 8 . Fabricators . | . . . . Repair Stations . | . . . . Recycling Units 2 | . 1 . 1 Scanalyzers . | . . . . Garrison Access . | . . . . Terminal Hacks 11 | . 7 4 . Robot Analysis 2 | . 2 . . Branch Access Points 1 | . 1 . . Emergency Access Points 1 | . . 1 . Machine Index 1 | . 1 . . Recycling Unit Index 1 | . 1 . . Alert Level 1 | . . 1 . Unreport Threat 1 | . . 1 . Disarm Traps 1 | . 1 . . Dispatch Records 1 | . 1 . . Registered Prototypes 1 | . . 1 . Fabricator Hacks . | . . . . Repair Station Hacks . | . . . . Recycling Unit Hacks 2 | . 1 . 1 Report Inventory 2 | . 1 . 1 Scanalyzer . | . . . . Garrison Access Hacks . | . . . . Unauthorized Hacks . | . . . . Terminals . | . . . . Fabricators . | . . . . Repair Stations . | . . . . Recycling Units . | . . . . Scanalyzers . | . . . . Garrison Access . | . . . . Data Cores Recovered 1 | . . . 1 Used . | . . . . Hacking Detections 9 | . 6 3 . Full Trace Events . | . . . . Feedback Events . | . . . . Feedback Blocked . | . . . . Robot Schematics Acquired . | . . . . Robots Built . | . . . . Authchips . | . . . . Time . | . . . . Total Robot Build Rating . | . . . . Part Schematics Acquired . | . . . . Parts Built . | . . . . Authchips . | . . . . Time . | . . . . Total Part Build Rating . | . . . . Parts Repaired . | . . . . Time . | . . . . Parts Recycled . | . . . . Recycled Matter . | . . . . Retrieved Matter . | . . . . Retrieved Components . | . . . . Parts Scanalyzed . | . . . . Part Schematics Acquired . | . . . . Parts Damaged . | . . . . Bothacking | -11 -10 -9 -9 ------------ Run | Yrd Mat Mat Sto Used RIF Installer . | . . . . Robots Hacked . | . . . . Non-combat . | . . . . Combat . | . . . . Robot Hacks Applied . | . . . . Relay Couplers Released . | . . . . Fabnet Peak Effective % . | . . . . Robots Rewired . | . . . . Allies Hacked . | . . . . Hacks Repelled . | . . . . Allies | -11 -10 -9 -9 -------- Run | Yrd Mat Mat Sto Total Allies . | . . . . Largest Group . | . . . . Highest-Rated Group . | . . . . Highest-Rated Ally . | . . . . Total Orders . | . . . . Ally Attacks . | . . . . Total Damage . | . . . . Kills . | . . . . Allies Corrupted . | . . . . Allies Melted . | . . . . Intel | -11 -10 -9 -9 ------- Run | Yrd Mat Mat Sto Robot Analysis Total 2 | . 2 . . Derelict Logs Recovered . | . . . . Drone Launches . | . . . . Drone Recoveries . | . . . . Exploration | -11 -10 -9 -9 ------------- Run | Yrd Mat Mat Sto Turns Passed 1703 | 130 598 757 218 Spaces Moved 1124 | 97 511 406 110 Core 36 | 36 . . . Treads . | . . . . Legs 516 | . . 406 110 Wheels 572 | 61 511 . . Hover . | . . . . Flight . | . . . . Fastest Speed 50 | 50 100 120 120 Average Speed 110 | 115 100 120 120 Slowest Speed 250 | 250 100 120 120 Overloaded Moves . | . . . . Propulsion Burnouts . | . . . . Robots Hopped . | . . . . Cave-ins Triggered . | . . . . Exploration Rate (%) 41 | 5 93 34 32 Regions Visited 3 Branch Regions 1 Pre-discovered Areas . | . . . . Known Exits Taken . | . . . . Unknown Exits Taken 3 | 1 1 1 . Scrap Searched . | . . . . Spaces Dug . | . . . . Terrain Destroyed . | . . . . Melee . | . . . . Projectile . | . . . . AOE . | . . . . Terrain Rammed . | . . . . Walls Destroyed . | . . . . Machines Disabled . | . . . . Actions | -11 -10 -9 -9 --------- Run | Yrd Mat Mat Sto Total 1393 | 114 557 571 151 Wait 88 | . 15 68 5 Move 1121 | 96 510 405 110 Hop . | . . . . Pick Up 28 | 10 5 10 3 Fast Attach . | . . . . Attach 18 | 6 1 10 1 Detach 3 | . 1 2 . Swap 6 | . . 3 3 Drop 12 | . 1 5 6 Fire 109 | . 23 63 23 Melee . | . . . . Ram 3 | 2 1 . . Kick 5 | . . 5 . Crush . | . . . . Escape Stasis . | . . . . Rewire . | . . . . Trap . | . . . . Miscellaneous . | . . . . Route ------- -11/Scrapyard -10/Materials (discovered 4 exits: *Mat x2 / *Min x2) -9/Materials -9/Storage History --------- Turn | Location | Event 11 | -11/Scrapyard | Discovered new exit (range 15) 131 | -11/Scrapyard | Entered Materials 314 | -10/Materials | Build established: Mutant 334 | -10/Materials | Identified exit to Mines 375 | -10/Materials | Discovered new exit (range 8) 682 | -10/Materials | Discovered new exit (range 16) 729 | -10/Materials | Entered another Materials area 729 | -9/Materials | Evolved 2 slots: Propulsion x1, Utility x1 1234 | -9/Materials | Build established: Scavenger-Mutant 1369 | -9/Materials | Discovered new exit (range 15) 1486 | -9/Materials | Entered Storage 1690 | -9/Storage | Garrison activated, responded to threat 1704 | -9/Storage | Self-destructed Last Messages --------------- 01640_ R-06 Scavenger collects Hacking Suite. 01641_ K-01 Serf collects debris. 01671_ O-16 Technician: "IFF HANDSHAKE FAILED. SECURING TERMINAL." 01675_ Destroyed Datajack. 01677_ O-16 Technician uses terminal to summon reinforcements. 01677_ ALERT: Hostiles spotted, dispatching reinforcements to Terminal S006. 01677_ O-16 Technician locks terminal. 01681_ Ion Engine destroyed. 01690_ O-16 Technician calls for garrison support. 01690_ ALERT: Activating Garrison Access S001. 01691_ O-16 Technician heat short circuits Hover Unit. 01694_ O-16 Technician destroyed. 01696_ G-34 Mercenary suffers critical hit (Burn). 01696_ Heat Sink melted. 01696_ Aluminum Leg melted. 01696_ Sml. Laser melted. 01696_ G-34 Mercenary destroyed. 01696_ Switching to secondary target: Y-45 Defender. 01703_ Med. Laser destroyed. Map ----- +----------------------------------------------------+ | | | | | | | | | | | | | ????????????????????????????????????? | | ????????????????????????????????????? | | ????????????????????????????????????? | | ????????????????????????????????????? | | ????????????????????????????????????? | | ????????????????????????????????????? | | ????????????????????????????????????? | | ????????????????????????????????????? | | ????????????????????????????????????? | | ????????????????????????????????????? | | ????????????????????###?????????????? | | ???????????????????"T"###???????????? | | ???#?????????????? g ???????????? | | ?### ###????????? ?????????????? | | ? = ???????? """????????????? | | ? """ ?????? T"????????????? | | # """ ###### """#???????????? | | # """ Y #???????????? | | # # #???????????? | | # """ # @ g #???????????? | | ? """ ?# ####+#######????????????? | | ? """ ?# # ???????????????? | | ? ??# # """"" ????????????????? | | ?######??# + """"" ????????????????? | | ?????????# ## """"" ????????????????? | | ?????????#%## G?????????????? | | ?????????# ## """"" ""?????????????? | | ?????????# ## """"" ##?????????????? | | ?????????# ## """"" ???????????????? | | ?????????# ## ????????????????? | | ?????????# ########?????????????????? | | ?#########/#########????????????????? | | # # ################?? | | # # = ^ | | # + ! ^ | | # # % ^ | | # # ################?? | | # ## ##????????????????? | | ############### #?????????????????? | | # ####### ############??????? | | # """ # ?????? | | # # ?????? | | # ?????? | | %#[% ##################??????? | +----------------------------------------------------+ Best States ------------- Heat Dissipation 52 Energy Generation 10 Energy Capacity 250 Matter Stores 300 Matter Capacity 300 Sight Range 16 Terrain Scan Density 10 Armor Coverage 150 Resistance: KI 20 Resistance: TH 20 Resistance: EX 20 Resistance: EM 20 Resistance: I 20 Resistance: S 20 Resistance: P 20 Evasion (%) 55 Offensive Hacking 10 Item Schematics ----------------- None Robot Schematics ------------------ None Fabricated ------------ Nothing Alien Tech Used ----------------- None Achievements -------------- None Challenges ------------ None Game ------ Seed WeaponsTargetSpecial Manual? 0 Play Time 00:17:07 Cumulative 23.0 hours Start 2024.06.19 @ 21:24:44 End 2024.06.19 @ 21:40:23 Sessions 1 Manual Loads 0 Difficulty Adventurer Special Mode None Game No. 49 Rogue 0 Adventurer 49 Explorer 0 Win Type - Total 0 Types 0/0/0/0/0/0/0/0/0 Lore% 29 Gallery% 33 Achievement% 23 Wizard Run 0 Options --------- Layout 0 ASCII 0 Keyboard 1 Movement Numpad Keybinds 0 Fullscreen 1 Font 18/SmallcapsGlow Map View 76x50 Zoom Use 0% Tactical HUD 1 Map Filters NONE Filters NONE Steam 1 RUN: 9311ef1c-c0a7-4931-87f3-dfa7506509fe